 Dungeon Crawl Stone Soup version 0.25-a0-663-gace7076 (webtiles) character file.

Game seed: 15844379682795099741, levelgen mode: deterministic

63 MrTaco21 the Cudgeler (level 4, -1/28 HPs)
             Began as a Gargoyle Fighter on Mar 24, 2020.
             Slain by a sky beast (3 damage)
             ... on level 2 of the Dungeon.
             The game lasted 00:02:20 (1539 turns).

MrTaco21 the Cudgeler (Gargoyle Fighter)            Turns: 1539, Time: 00:02:21

Health: -1/28      AC: 10    Str: 21    XL:     4   Next: 10%
Magic:  1/1        EV:  7    Int:  8    God:
Gold:   71         SH:  9    Dex:  9    Spells: 3/3 levels left

rFire    + . .     SeeInvis .   h - +0 whip (antimagic)
rCold    x . .     Gourm    .   c - +0 kite shield
rNeg     + . .     Faith    .   b - +0 scale mail
rPois    ∞         Spirit   .   (no helmet)
rElec    +         Reflect  .   (no cloak)
rCorr    .         Harm     .   (no gloves)
MR       .....                  (no boots)
Stlth    ..........             (no amulet)
HPRegen  0.09/turn              i - ring of fire
MPRegen  0.07/turn              (no ring)

@: no status effects
A: negative energy resistance 1, electricity resistance, unbreathing,
petrification resistance, rot immunity, AC +3
a: no special abilities


You were on level 2 of the Dungeon.
You were hungry.

You visited 1 branch of the dungeon, and saw 2 of its levels.

You collected 71 gold pieces.

Inventory:

Hand Weapons
 h - a +0 antimagic whip (weapon)
   (You took it off a kobold on level 1 of the Dungeon)
Armour
 b - a +0 scale mail (worn)
 c - a +0 kite shield (worn)
Jewellery
 i - a ring of fire (left hand)
   (You found it on level 1 of the Dungeon)
Scrolls
 a - a scroll of fog {unknown}
 j - a scroll of magic mapping {unknown}
 n - 2 scrolls of enchant armour {unknown}
 o - a scroll of random uselessness {unknown}
Potions
 d - a potion of might
 g - a potion of cancellation {unknown}
 k - a potion of berserk rage {unknown}
 l - a potion of curing {unknown}
 m - a potion of degeneration {unknown}
Comestibles
 e - 6 rations {!d}
 f - a chunk of flesh


   Skills:
 - Level 3.2 Fighting
 + Level 4.2 Maces & Flails
 - Level 3.2 Armour
 - Level 3.2 Shields


You had 3 spell levels left.
You didn't know any spells.
Your spell library was empty.

Dungeon Overview and Level Annotations

Branches:
Dungeon (2/15)

Altars:


Innate Abilities, Weirdness & Mutations

You are resistant to torment.
Your stone body is resilient. (AC +3)
You are immune to poison.
You resist negative energy. (rN+)
You are resistant to electric shocks. (rElec)
You can survive without breathing.
You are immune to petrification.
You are immune to rotting.


Message History

Unknown command.
You closely miss something. Something hits you but does no damage.
Your shield prevents you from hitting something.
Something hits you but does no damage.
Unknown command.
You miss something. Something hits you but does no damage.
You miss something. Something hits you but does no damage.
Unknown command.
You miss something. Something hits you.
* * * LOW HITPOINT WARNING * * *
Something shocks you. You resist.
* * * LOW HITPOINT WARNING * * *
You hit something. Something hits you but does no damage.
You are feeling hungry.
You completely miss something. Something hits you but does no damage.
Unknown command.
You miss something. You block something's attack.
Unknown command.
You closely miss something. Something hits you.
* * * LOW HITPOINT WARNING * * *
Something shocks you. You resist.
* * * LOW HITPOINT WARNING * * *
Some of the chunks of flesh in your inventory have rotted away.
Unknown command.
You hit something but do no damage.
Unknown command.
You closely miss something. Something hits you but does no damage.
You miss something. Something hits you.
* * * LOW HITPOINT WARNING * * *
Something shocks you. You resist.
* * * LOW HITPOINT WARNING * * *
You barely miss something. Something hits you but does no damage.
You miss something. Something hits you but does no damage.
Unknown command.
You hit something. Something hits you but does no damage.
You barely miss something. Something hits you.
You die...

#.#..#####.......####.##...
#.#..# ##.....## #.###.#
#....# ##....# #.# #.#
###.## ##.#+## #.# #.. #.#
##.(.# #.####. ##.###
#....! #...... #..#.##
#...... #####..
#.#...####{...... ####...
#........@....$.. +......
#........###....... ####...
#.#.##.#.# #...... ##..
#....###.# #..... ##. #....
#.# #...# #. #..... #.#
#+## #. ##.. #.# #. #.# #.


There were no monsters in sight!

Vanquished Creatures
  An adder (D:2)
  A worm (D:2)
  A dart slug (D:1)
  3 leopard geckos
  2 ball pythons (D:1)
  4 bats
  2 giant cockroaches (D:1)
  3 goblins
  5 hobgoblins
  5 jackals (D:1)
  6 frilled lizards
  7 kobolds
  3 rats
43 creatures vanquished.

Notes
Turn   | Place    | Note
-------+----------+-------------------------------------------
     0 | D:1      | MrTaco21 the Gargoyle Fighter began the quest for the Orb.
     0 | D:1      | Reached XP level 1. HP: 14/14 MP: 1/1
    39 | D:1      | Reached XP level 2. HP: 17/19 MP: 2/2
    67 | D:1      | Reached skill level 3 in Maces & Flails
   283 | D:1      | Reached XP level 3. HP: 23/23 MP: 1/3
  1139 | D:2      | Reached skill level 4 in Maces & Flails
  1305 | D:2      | Reached XP level 4. HP: 23/28 MP: 1/4
  1487 | D:2      | Noticed a sky beast
  1539 | D:2      | Slain by a sky beast

Levels and vault maps discovered:
D:1:      minmay_arrival_checkered_box, layout_basic
D:2:      layout_loops_corners, first_ration, chequers_serial_rivers_room_a

Skill      XL: |  1  2  3 |
---------------+----------+-----
Maces & Flails | 3 4 |  4.2
Fighting       | |  3.2
Armour         | |  3.2
Shields        | |  3.2

Action                   |  1- 3 |  4- 6 || total
-------------------------+-------+-------++-------
Melee: Flail             |    59 |       ||    59
       Whip              |   139 |    66 ||   205
  Eat: Chunk             |     2 |       ||     2
Armor: Scale mail        |    98 |    35 ||   133
Dodge: Dodged            |    58 |     9 ||    67
Block: Kite shield       |   105 |    12 ||   117

Table legend:
 A = Non-vault XP
 B = Vault XP
 C = Vault XP percentage of total XP
 D = Non-vault monster count
 E = Vault monster count
 F = Vault count percentage of total count
                 A         B        C        D         E       F
            +---------+---------+-------+---------+---------+-------
      Total |      91 |       0 |   0.0 |      43 |       0 |   0.0
            +---------+---------+-------+---------+---------+-------
        D:1 |      57 |       0 |   0.0 |      31 |       0 |   0.0
        D:2 |      34 |       0 |   0.0 |      12 |       0 |   0.0
            +---------+---------+-------+---------+---------+-------
